 Dungeon Crawl Stone Soup version 0.27-a0-1579-g97d2440184 (webtiles) character file.

Game seed: 2121643559064136328

59 flotson the Sneak (level 3, -3/29 HPs)
             Began as a Demonspawn Delver on July 17, 2021.
             Splashed by a jelly's acid (8 damage)
             ... on level 2 of the Dungeon.
             The game lasted 00:04:19 (1498 turns).

flotson the Sneak (Demonspawn Delver)               Turns: 1498, Time: 00:04:20

Health: -3/29      AC: -4    Str: 19    XL:     3   Next: 78%
Magic:  3/3        EV: 11    Int: 11    God:
Gold:   40         SH:  4    Dex: 14    Spells: 2/2 levels left

rFire    . . .     SeeInvis .   n - +1 whip (drain)
rCold    . . .     Faith    .   e - +0 buckler
rNeg     . . .     Spirit   .   b - +0 leather armour
rPois    .         Reflect  .   (no helmet)
rElec    .         Harm     .   (no cloak)
rCorr    .         Rampage  .   (no gloves)
Will     .....                  (no boots)
Stlth    ++........             (no amulet)
HPRegen  0.09/turn              m - +6 ring of strength
MPRegen  0.08/turn              p - +4 ring of protection

@: corroded
A: claws 1
a: no special abilities


You were on level 2 of the Dungeon.
You visited 1 branch of the dungeon, and saw 5 of its levels.

You collected 40 gold pieces.

Inventory:

Hand Weapons
 a - a +0 hand axe
 n - a +1 whip of draining (weapon)
Missiles
 o - 21 poisoned darts (quivered)
Armour
 b - a +0 leather armour (worn)
 e - a +0 buckler (worn)
Jewellery
 m - a +6 ring of strength (left claw)
 p - a +4 ring of protection (right claw)
Wands
 g - a wand of digging (3)
Scrolls
 c - a scroll of immolation {unknown}
 d - a scroll of noise {unknown}
 h - a scroll of fog
 j - a scroll of enchant armour {unknown}
 k - 2 scrolls of identify {unknown}
 l - a scroll of blinking {unknown}
Potions
 f - 2 potions of heal wounds {unknown}
 i - 3 potions of curing {unknown}


   Skills:
 + Level 3.3 Fighting
 + Level 2.2 Axes
 + Level 0.5 Throwing
 + Level 1.1 Armour
 + Level 2.2 Dodging
 - Level 4.5 Stealth
 + Level 1.0 Shields


You had 2 spell levels left.
You didn't know any spells.
Your spell library was empty.

Dungeon Overview and Level Annotations

Branches:
Dungeon (5/15)             Temple (0/1) D:5

Altars:

Shops:
D:1 [   D:5 !


Innate Abilities, Weirdness & Mutations

You have sharp fingernails.


Message History

No target in view!
No target in view!
No target in view!
No target in view!
No target in view!
You are no longer corroded.
There is an open door here.
You start waiting.
An endoplasm is nearby!
You hit the endoplasm.
The endoplasm is lightly wounded.
The endoplasm closely misses you.
You hit the endoplasm. You drain the endoplasm.
You kill the endoplasm!
No target in view!
No target in view!
No target in view!
No target in view!
There is an open door here.
You see here a hobgoblin skeleton.
You barely miss the jelly. The jelly hits you.
You are splashed with acid!
You whack the jelly! You drain the jelly. The acid corrodes you!
Your claws burn!
The jelly is severely wounded.
The jelly hits you. The acid corrodes you!
You are splashed with acid!
* * * LOW HITPOINT WARNING * * *
You are too injured to fight recklessly!
You are too injured to fight recklessly!
You are too injured to fight recklessly!
You are too injured to fight recklessly!
You are too injured to fight recklessly!
You are too injured to fight recklessly!
You are too injured to fight recklessly!
You see here a hobgoblin skeleton.
The jelly jiggles.
There is an open door here.
The jelly hits you.
* * * LOW HITPOINT WARNING * * *
The acid corrodes you!
You are splashed with acid!
You die...

...
##.....###.........†...
...
#.......##....########.
...
#.......##[........#
...
#.......##.....#...#
...
#.......##.....#...#
...
####....###........#
... ##..'....#
#..###...# ...
#.######## #.####...#
... ##...).@##
#....#...# ...
########J####.#######
..#
#.P....÷..##.<#######.
.##
#.P.P.....##..........
.#
#...÷.....############
.# #...P.÷...# ...
#.....P.P.# .##
#(P....÷..# ###########


You could see a jelly (drained).

Vanquished Creatures
  A jelly (D:2)
  9 endoplasms
  A giant cockroach (D:1)
  2 goblins (D:1)
  2 hobgoblins (D:1)
  A quokka (D:1)
  A ball python (D:2)
  2 bats
  A frilled lizard (D:1)
  7 kobolds
  A rat (D:1)
28 creatures vanquished.

Vanquished Creatures (others)
  3 fungi (D:2)
  5 toadstools (D:2)
8 creatures vanquished.

Grand Total: 36 creatures vanquished

Notes
Turn   | Place    | Note
-------+----------+-------------------------------------------
     0 | D:5      | flotson the Demonspawn Delver began the quest for the Orb.
     0 | D:5      | Reached XP level 1. HP: 18/18 MP: 1/1
    32 | D:5      | Noticed a jelly
    43 | D:5      | Noticed a water moccasin
    48 | D:5      | Found a staircase to the Ecumenical Temple.
    48 | D:5      | Noticed an orc priest
    63 | D:5      | Noticed a phantom
    67 | D:5      | Found Ufippu's Distillery.
    76 | D:4      | Noticed a hound
   220 | D:1      | Found a faded altar of an unknown god.
   408 | D:1      | Found Cafer's Antique Armour Shop.
   604 | D:1      | Gained mutation: You have sharp fingernails. [demonic
                  | ancestry]
   604 | D:1      | Reached XP level 2. HP: 24/24 MP: 2/2
  1345 | D:2      | Reached XP level 3. HP: 23/29 MP: 3/3
  1414 | D:2      | Reached skill level 1 in Armour
  1414 | D:2      | Reached skill level 1 in Shields
  1498 | D:2      | Splashed by a jelly's acid

Illustrated notes

Levels and vault maps discovered:
D:1:      saegor_arrival_miasma, layout_basic, ebering_ecumenical_altar_rust,
          serial_shops, shop
D:2:      cheibrodos_fertilizer, layout_rooms, serial_shops,
          nicolae_shop_statue_plus, basic_altar, minivault_25
D:3:      layout_rooms, lemuel_doored_altar, serial_curves, eino_curves_02,
          eino_curves_01
D:4:      layout_loops_ring, led_sif_pool, chequers_garden, uniq_menkaure
D:5:      layout_cave_pods, minmay_temple_entry_proselytizer, serial_shops,
          shop_statue, serial_undead, serial_undead_a, serial_undead_b,
          serial_undead_e, serial_undead_f

Skill      XL: |  1  2  3 |
---------------+----------+-----
Dodging        | 2 |  2.2
Axes           | 2 |  2.2
Armour         | 1 |  1.1
Shields        | 1 |  1.0
Fighting       | |  3.3
Throwing       | |  0.5
Stealth        | |  4.5

Action                   || total
-------------------------++-------
Melee: Hand axe          ||    70
       Whip              ||    24
  Use: Scroll            ||     3
       Potion            ||     1
 Stab: Sleeping          ||     2
Armor: Leather armour    ||    19
Dodge: Dodged            ||    43
Block: Buckler           ||     9

Table legend: (Time is in decaauts)
 A = Elapsed time spent in this place.
 B = Non-inter-level travel time spent in this place.
 C = Inter-level travel time spent in this place.
 D = Time resting spent in this place.
 E = Time spent auto-exploring this place.
 F = Levels seen in this place.
 G = Mean time per level.
                   A        B        C        D        E       F      G
               +--------+--------+--------+--------+--------+-----+--------+
         Total |   1498 |   1489 |      9 |    322 |    854 |   5 |  299.6 |
       Dungeon |   1498 |   1489 |      9 |    322 |    854 |   5 |  299.6 |
               +--------+--------+--------+--------+--------+-----+--------+

Top non-repeatable levels by time:
     D:1: 887 daAuts
     D:2: 536 daAuts
     D:5: 67 daAuts
     D:4: 3 daAuts
     D:3: 3 daAuts
